AoeStats
← ÑAÑO

Arabia

510402658Analyzed
3v3 RM · 2d ago on Sep 30, 2026· 32m 20s· 6 players
Game mode
Random Map
Map size
Normal (6 player)
Population
200
Speed
Normal
Resources
Standard
Victory
Conquest
Starting age
Dark Age
Ending age
Imperial Age
RankedLock teamsTeams togetherTeam positionsShared explorationLock speedFull tech treeHidden civsTurbo modeCheats
Victory
Defeat
🇸🇪 Mongols · Sweden
1040
+19
🇸🇪 Japanese · Sweden
1034
+19
🇸🇪 Poles · Sweden
1013
+20
🇨🇭 Maya · Switzerland
1112
-19
🇺🇾 Saxons · Uruguay
1107
-20
🇨🇱 Burgundians · Chile
1098
-19
ÑAÑO
0:26 Loom
11:20 Feudal Age
13:18 Double-Bit Axe
16:05 Horse Collar
20:17 Castle Age
19:00 Stone Mining
19:24 Bow Saw
19:17 Heavy Plow
20:30 Stone Shaft Mining
24:16 Two-Man Saw
25:33 Wheelbarrow
29:28 Gold Mining
Juerg Pinki
0:32 Loom
10:30 Feudal Age
11:30 Double-Bit Axe
13:23 Fletching
13:33 Padded Archer Armor
17:42 Horse Collar
24:27 Castle Age
22:56 Gold Mining
22:56 Stone Mining
24:52 Crossbowman
25:38 Thumb Ring
25:29 Bodkin Arrow
25:27 Pikeman
30:48 Squires
bandreol
6:35 Loom
8:52 Feudal Age
8:59 Man-at-Arms
10:10 Double-Bit Axe
23:33 Horse Collar
28:56 Castle Age
27:14 Gold Mining
27:56 Fletching
28:08 Padded Archer Armor
28:59 Crossbowman
29:41 Bodkin Arrow
Sebastian
0:28 Loom
10:57 Feudal Age
12:06 Double-Bit Axe
14:48 Horse Collar
18:01 Wheelbarrow
21:35 Castle Age
20:44 Bloodlines
20:47 Forging
21:25 Scale Barding Armor
22:41 Bow Saw
22:33 Husbandry
23:01 Chain Barding Armor
30:15 Town Watch
Hammar
6:41 Loom
9:34 Feudal Age
9:52 Man-at-Arms
18:43 Double-Bit Axe
21:30 Arson
22:52 Town Watch
22:56 Horse Collar
26:42 Fletching
27:37 Wheelbarrow
32:26 Castle Age
30:39 Gold Mining
bosooon
5:50 Loom
10:54 Feudal Age
15:51 Castle Age
14:50 Double-Bit Axe
15:35 Horse Collar
22:40 Bloodlines
23:19 Szlachta Privileges
23:52 Scale Barding Armor
24:48 Forging
26:41 Husbandry
28:32 Chain Barding Armor
29:49 Arson
Connection lost

Rejoining the realm…

Still unreachable

The connection could not be restored.

Session expired

The server has moved on; the page needs a fresh start.